 Dungeon Crawl Stone Soup version 0.31-a0-1-g4198be8af4 (webtiles) character file.

Game seed: 16912727496701169655

1696837 backslashecho the Evocator (level 26, 224/224 HPs)
             Began as a Demonspawn Monk on Apr 30, 2023.
             Was a High Priest of Qazlal.
             Escaped with the Orb
             ... and 3 runes!
             The game lasted 04:09:54 (66952 turns).

backslashecho the Evocator (Demonspawn Monk)       Turns: 66952, Time: 04:09:55

Health: 224/224    AC: 57    Str: 17    XL:     26   Next: 37%
Magic:  37/37      EV:  8    Int: 11    God:    Qazlal [*****.]
Gold:   5803       SH: 41    Dex: 21    Spells: 25/25 levels left

rFire   + + +        a - +9 broad axe (heavy)
rCold   + . .        o - +2 tower shield
rNeg    . . .        k - +12 gold dragon scales
rPois   +            R - +2 helmet of Noon {rC+ Str-3 Dex+3}
rElec   +            (cloak unavailable)
rCorr   +            G - +1 pair of gloves of Pan-Flutes {Fly rElec rF++}
SInv    +            O - +1 pair of boots
Will    ++++.        z - amulet "Karijaev" {Reflect Slay+5 SH+5} Stlth
                     Z - ring of Lugonu, Inviting {Fire SInv}
HPRegen 0.57/turn    T - ring of Doubt {Wiz rPois Will++}
MPRegen 0.25/turn

%: repel missiles, reflection, wizardry (x1)
@: flying, studying 3 skills
A: yellow scales 3, demonic guardian 3, hurl damnation, icemail 2, torment
resistance 1, condensation shield, demonic willpower, weakness stinger 3, hooves
1, dopey 1, screaming 1, evolution 1
0: Orb of Zot
}: 3/15 runes: barnacled, silver, gossamer
a: Hurl Damnation, Renounce Religion, Upheaval, Elemental Force, Disaster Area


You escaped.
You worshipped Qazlal.
Qazlal was extremely pleased with you.
You visited 11 branches of the dungeon, and saw 51 of its levels.
You visited the Abyss 1 time.
You visited 1 bazaar.
You also visited: Trove, Ice Cave and Volcano.

You collected 12494 gold pieces.
You spent 6691 gold pieces at shops.

Inventory:

Hand Weapons
 a - a +9 heavy broad axe (weapon)
 b - a +5 broad axe of freezing
Missiles
 t - a throwing net
 w - 6 curare-tipped darts
Armour
 f - a +0 kite shield of cold resistance
 k - +12 gold dragon scales (worn)
 o - a +2 tower shield (worn)
 G - the +1 pair of gloves of Pan-Flutes (worn) {Fly rElec rF++}
   (You acquired it on level 2 of the Crypt)

   rF:        It greatly protects you from fire.
   rElec:     It insulates you from electricity.
   Fly:       It grants you flight.
 O - a +1 pair of boots (worn)
 R - the +2 helmet of Noon (worn) {rC+ Str-3 Dex+3}
   (You found it on level 7 of the Dungeon)

   Str:       It affects your strength (-3).
   Dex:       It affects your dexterity (+3).
   rC:        It protects you from cold.
Jewellery
 m - the ring of the Invisible Prophets {rElec rPois rF+ rC+ Int+3}
   (You took it off a centaur warrior on level 14 of the Dungeon)

   [ring of protection from fire]

   Int:       It affects your intelligence (+3).
   rF:        It protects you from fire.
   rC:        It protects you from cold.
   rElec:     It insulates you from electricity.
   rPois:     It protects you from poison.
 z - the amulet "Karijaev" (around neck) {Reflect Slay+5 SH+5}
   (You bought it in a shop on level 3 of the Elven Halls)

   [amulet of reflection]

   It reflects blocked missile attacks.
   Slay:      It affects your accuracy & damage with ranged weapons and melee
   (+5).
   SH:        It affects your SH (+5).
 B - the ring "Okkooj" {rN+ Str+3 Dex+3 Stlth+}
   (You bought it in a shop on level 15 of the Dungeon)

   [ring of positive energy]

   Str:       It affects your strength (+3).
   Dex:       It affects your dexterity (+3).
   rN:        It protects you from negative energy.
   Stlth:     It makes you more stealthy.
 T - the ring of Doubt (right hand) {Wiz rPois Will++}
   (You bought it in a shop on level 2 of the Elven Halls)

   [ring of wizardry]

   It improves your spell success rate.
   rPois:     It protects you from poison.
   Will:      It greatly increases your willpower.
 Z - the ring of Lugonu, Inviting (left hand) {Fire SInv}
   (You bought it in a shop on level 2 of the Elven Halls)

   [ring of fire]

   It enhances your fire magic.
   rF:        It protects you from fire.
   rC:        It makes you vulnerable to cold.
   SInv:      It lets you see invisible.
Wands
 d - a wand of quicksilver (47)
 n - a wand of flame (98)
 r - a wand of charming (58)
 v - a wand of digging (8)
 x - a wand of iceblast (43)
 A - a wand of mindburst (13)
Scrolls
 g - a scroll of enchant armour
 h - a scroll of enchant weapon
 j - 5 scrolls of poison
 l - 7 scrolls of blinking
 p - 6 scrolls of fear
 u - 20 scrolls of fog
 F - 21 scrolls of teleportation
 L - 3 scrolls of silence
 W - 5 scrolls of magic mapping
 X - 3 scrolls of summoning
Potions
 c - 6 potions of ambrosia
 e - 13 potions of flight
 i - 11 potions of heal wounds
 s - 4 potions of might
 C - 29 potions of curing
 D - 8 potions of mutation
 H - 5 potions of magic
 I - 2 potions of haste
 J - a potion of invisibility
 M - 5 potions of resistance
 U - 3 potions of cancellation
Miscellaneous
 q - a box of beasts
 y - a tin of tremorstones (2/2)
 Y - a lightning rod (4/4)


   Skills:
 + Level 21.8 Fighting
 - Level 18.0 Axes
 + Level 21.5 Armour
 - Level 12.0 Dodging
 + Level 20.4 Shields
 - Level 1.0 Unarmed Combat
 - Level 21.2 Invocations
 - Level 22.3 Evocations


You had 25 spell levels left.
You didn't know any spells.
Your spell library contained the following spells:

 Spells                   Type           Power      Damage    Failure   Level
 Apportation              Tloc           0%         N/A       100%        1
 Beastly Appendage        Tmut           0%         N/A       100%        1
 Foxfire                  Conj/Fire      0%         2x1d4     100%        1
 Freeze                   Ice            0%         1d3       100%        1
 Kiss of Death            Conj/Necr      0%         2d5       100%        1
 Magic Dart               Conj           0%         1d3       100%        1
 Necrotise                Necr           0%         1d4       100%        1
 Summon Small Mammal      Summ           0%         N/A       100%        1
 Cigotuvi's Dreadful Rot  Necr/Pois/Air  0%         N/A       100%        2
 Ensorcelled Hibernation  Hex/Ice        0%         N/A       100%        2
 Lesser Beckoning         Tloc           0%         N/A       100%        2
 Momentum Strike          Conj/Tloc      0%         3d8       100%        2
 Passwall                 Tmut/Erth      0%         N/A       100%        2
 Poisonous Vapours        Pois/Air       0%         N/A       100%        2
 Wereblood                Tmut           0%         N/A       100%        2
 Confusing Touch          Hex            0%         N/A       100%        3
 Dazzling Flash           Conj/Hex       0%         N/A       100%        3
 Frozen Ramparts          Ice            0%         1d1       100%        3
 Gell's Gravitas          Tloc           0%         N/A       100%        3
 Hailstorm                Conj/Ice       0%         3d3       100%        3
 Ignite Poison            Fire/Tmut/Pois 0%         N/A       100%        3
 Inner Flame              Hex/Fire       0%         N/A       100%        3
 Mephitic Cloud           Conj/Pois/Air  0%         N/A       100%        3
 Ozocubu's Armour         Ice            0%         N/A       100%        3
 Portal Projectile        Hex/Tloc       0%         N/A       100%        3
 Spider Form              Tmut/Pois      0%         N/A       100%        3
 Stone Arrow              Conj/Erth      0%         3d7       100%        3
 Swiftness                Air            0%         N/A       100%        3
 Teleport Other           Tloc           0%         N/A       100%        3
 Tukima's Dance           Hex            0%         N/A       100%        3
 Vampiric Draining        Necr           0%         2d6       100%        3
 Vhi's Electric Charge    Tloc/Air       0%         N/A       100%        3
 Volatile Blastmotes      Fire/Tloc      0%         2d10      100%        3
 Anguish                  Hex/Necr       0%         N/A       100%        4
 Animate Armour           Summ/Erth      0%         N/A       100%        4
 Animate Dead             Necr           0%         N/A       100%        4
 Dispel Undead            Necr           0%         3d6       100%        4
 Flame Wave               Conj/Fire      0%         2d4       100%        4
 Ice Form                 Ice/Tmut       0%         N/A       100%        4
 Leda's Liquefaction      Hex/Erth       0%         N/A       100%        4
 Manifold Assault         Tloc           0%         N/A       100%        4
 Passage of Golubria      Tloc           0%         N/A       100%        4
 Sticky Flame             Conj/Fire      0%         2d3       100%        4
 Summon Ice Beast         Ice/Summ       0%         N/A       100%        4
 Summon Lightning Spire   Summ/Air       0%         N/A       100%        4
 Agony                    Necr           0%         N/A       100%        5
 Alistair's Intoxication  Tmut/Pois      0%         N/A       100%        5
 Arcjolt                  Conj/Air       0%         1d10      100%        5
 Blade Hands              Tmut           0%         N/A       100%        5
 Fireball                 Conj/Fire      0%         3d3       100%        5
 Freezing Cloud           Conj/Ice/Air   0%         6-21      100%        5
 Irradiate                Conj/Tmut      0%         3d11      100%        5
 Iskenderun's Battlesphe  Conj           0%         2d6       100%        5
 Lee's Rapid Deconstruct  Erth           0%         3d4*      100%        5
 Metabolic Englaciation   Hex/Ice        0%         N/A       100%        5
 Silence                  Hex/Air        0%         N/A       100%        5
 Summon Forest            Summ/Tloc      0%         N/A       100%        5
 Summon Mana Viper        Hex/Summ       0%         N/A       100%        5
 Yara's Violent Unravell  Hex/Tmut       0%         3d3       100%        5
 Conjure Ball Lightning   Conj/Air       0%         3x3d6     100%        6
 Dispersal                Tloc           0%         N/A       100%        6
 Eringya's Noxious Bog    Tmut/Pois      0%         N/A       100%        6
 Iron Shot                Conj/Erth      0%         9d1       100%        6
 Plasma Beam              Fire/Air       0%         2x1d11    100%        6
 Simulacrum               Ice/Necr       0%         N/A       100%        6
 Starburst                Conj/Fire      0%         6d3       100%        6
 Statue Form              Tmut/Erth      0%         N/A       100%        6
 Summon Cactus Giant      Summ           0%         N/A       100%        6
 Dragon Form              Tmut           0%         N/A       100%        7
 Enfeeble                 Hex            0%         N/A       100%        7
 Haunt                    Necr/Summ      0%         N/A       100%        7
 Malign Gateway           Summ/Tloc      0%         N/A       100%        7
 Monstrous Menagerie      Summ           0%         N/A       100%        7
 Ozocubu's Refrigeration  Ice            0%         4d7       100%        7
 Storm Form               Tmut/Air       0%         N/A       100%        7
 Summon Hydra             Summ           0%         N/A       100%        7
 Ignition                 Fire           0%         3d3       100%        8
 Infestation              Necr           0%         N/A       100%        8
 Lehudib's Crystal Spear  Conj/Erth      0%         10d2      100%        8
 Maxwell's Capacitive Co  Air            0%         ∞         100%        8
 Chain Lightning          Conj/Air       0%         N/A       100%        9
 Fire Storm               Conj/Fire      0%         5d1       100%        9
 Polar Vortex             Ice            0%         N/A       100%        9
 Shatter                  Erth           0%         3d5*      100%        9


Dungeon Overview and Level Annotations

Branches:
Dungeon (15/15)            Temple (1/1) D:6            Lair (5/5) D:11
 Shoals (4/4) Lair:3       Spider (4/4) Lair:3        Slime (0/5) Lair:4
    Orc (2/2) D:10            Elf (3/3) Orc:2        Vaults (5/5) D:14
  Crypt (3/3) Vaults:2       Tomb (0/3) Crypt:3      Depths (4/4) D:15
    Zot (5/5) Depths:4      IceCv (visited)         Volcano (visited)

Altars:
Ashenzari
Cheibriados
Dithmenos
Fedhas
Gozag
Hepliaklqana
Kikubaaqudgha
Makhleb
Nemelex Xobeh
Qazlal
Ru
Sif Muna
Trog
Uskayaw
Vehumet
Wu Jian
Xom
Yredelemnul

Shops:
D:8 *[   D:9 :   D:10 =   D:12 (   D:15 :=[!!   Orc:2 *??!:   Elf:1 *   Elf:2 =
Elf:3 =   Shoals:3 (   Depths:3 !?

Portals:
Hell: Depths:1 Depths:2 Depths:3 Depths:4
Abyss: Depths:1 Depths:2 Depths:3
Pandemonium: Depths:2
Ziggurat: Depths:2

Annotations:
D:7 2 transporters, randart ring, Triskal's ghost, novice TrEE
D:10 3 runed translucent doors, crux's ghost, journeyman OpTm
Elf:2 3 runed translucent doors, Roxanne
Vaults:4 2 transporters, Rinoumap's ghost, adept TrCK
Crypt:3 exclusion: 3 doors
Zot:1 1 runed translucent door, Juhipt's ghost, veteran MiBe


Innate Abilities, Weirdness & Mutations

You are completely covered in yellow scales. (AC +4, rCorr)
A powerful demonic guardian rushes to your aid.
You can hurl damnation.
A meltable icy envelope protects you from harm. (AC +8)
You are resistant to unholy torment.
A meltable shield of frost defends you. (SH +4)
You punish those that try to bend your will. (Will+)
You have a sharp stinger which inflicts weakening toxins.
You have large cloven feet.
You are dopey. (Int -2)
You occasionally shout uncontrollably at your foes.
You have hidden genetic potential.


Message History

As you read the scroll of blinking, it crumbles to dust.
The orc shouts!
The orc is engulfed in freezing vapours.
You kill the orc!
The orc's corpse dissolves into shadows!
You hear a shout!
There is a stone staircase leading up, spattered with blood here.
Things that are here:
a +0 whip; a +0 dagger; a +0 dagger You fly upwards.
Your protection from physical attacks is fading.
There is a stone staircase leading down here.
You regained 2 hp, and now have 219/224 hp.
(D) Dungeon (T) Temple (L) Lair (A) Shoals (N) Spider Nest (M) Slime Pits (O) Orcish Mines (E) Elven Halls (V) Vaults (C) Crypt (W) Tomb (U) Depths (H) Hell (Z) Zot
Where to? (Enter - D:1 @ (x,y), ? - help)
You feel less protected from physical attacks.
There is a stone staircase leading up here.
You fly upwards.
HP restored.
There is a stone staircase leading down here.
There is a stone staircase leading up here.
You fly upwards.
There is a stone staircase leading down here.
There is a stone staircase leading up here.
You fly upwards.
There is a stone staircase leading down here.
There is a stone staircase leading up here.
You fly upwards.
There is a stone staircase leading down here.
There is a staircase leading out of the dungeon here.
Health restored: 224
Press: ? - help, v - describe, . - travel A staircase leading out of the dungeon.
This square is covered in magical glow.
Press: ? - help, v - describe, . - travel A staircase leading out of the dungeon.
This square is covered in magical glow.
You have escaped!

............#..################..
##.##............................
.#.##.......##......##########.##
.......###................####.##
##.#.............#.........##..#
#.##.###.......###...........##
##.##.# #.....☼..#..........#.##
...##.# ##...§..............#..##
.##...# ##..#..@#...#...........
.##.### #.###.###.###.....#####
.##># #..#.○.#>..#.....## # ....#
#(................# ...##
#......#..........# ## ...#
#.....###.........# #. ...#
#......#....).....# #. ...#
#.................# #. ####
######...........## #.


There were no monsters in sight!

Vanquished Creatures
  Tiamat (Zot:3)
  A dread lich (Zot:5)
  5 orbs of fire
  Mara (Elf:3)
  Parghit (Depths:4)
  Bai Suzhen (Vaults:5)
  8 Killer Klowns
  Margery (Vaults:2)
  Saint Roka (Orc:2)
  13 golden dragons
  2 curse toes
  11 caustic shrikes
  3 bone dragons
  An electric golem (Zot:5)
  17 tentacled monstrosities
  Zenata (Elf:3)
  A lich (Depths:2)
  A quicksilver dragon (shapeshifter) (Vaults:5)
  26 Orb Guardians
  2 deep elf master archers (Elf:3)
  2 deep elf blademasters (Elf:3)
  4 titans
  2 krakens
  3 quicksilver dragons
  6 death cobs
  5 ancient champions
  2 Executioners
  7 sphinxes
  Frances (D:12)
  2 tentacled starspawn (Abyss:3)
  7 storm dragons
  7 shadow dragons
  5 draconian monks
  3 tengu reavers (Vaults:5)
  16 vault wardens
  7 fire giants
  4 iron dragons
  10 draconian knights
  3 emperor scorpions
  5 frost giants
  11 draconian shifters
  5 draconian scorchers
  9 ghost moths
  5 draconian stormcallers
  4 deep elf elementalists (Elf:3)
  4 angels
  3 spriggan defenders
  2 curse skulls
  4 deep elf sorcerers
  2 draconian annihilators
  A juggernaut skeleton (Crypt:3)
  7 reapers
  21 ironbound preservers
  An orc warlord (Vaults:4)
  5 ghouls
  A war gargoyle (Vaults:3)
  33 very ugly things
  4 ironbound thunderhulks
  3 broodmothers
  16 green draconians
  6 vampire knights
  14 stone giants
  8 black draconians
  14 purple draconians
  7 deep elf demonologists
  3 deep elf annihilators (Elf:3)
  8 yellow draconians
  13 red draconians
  13 dire elephants
  8 white draconians
  An eidolon (Crypt:3)
  A crystal guardian (Vaults:4)
  9 deep elf death magi
  11 spark wasps
  5 ettins
  3 merfolk javelineers
  3 deep elf high priests (Elf:3)
  11 yaktaur captains
  6 entropy weavers
  7 merfolk impalers
  5 great orbs of eyes
  3 jiangshi (Crypt:3)
  A spriggan zombie (Crypt:3)
  Josephine (D:12)
  8 fire dragons
  A quicksilver dragon skeleton (Crypt:1)
  An ogre mage (D:14)
  9 ice dragons
  4 caustic shrike simulacra (IceCv)
  4 hydras
  4 spriggan air magi
  41 vault guards
  5 rakshasas
  7 ironbound frosthearts
  10 centaur warriors
  2 peacekeepers
  2 radroaches
  A satyr (Shoals:4)
  6 jorogumos
  A merfolk avatar (Shoals:4)
  2 catoblepae
  6 deep troll shamans
  15 dancing weapons
  A two-headed ogre (D:12)
  6 merfolk aquamancers
  An alligator snapping turtle (Shoals:4)
  2 death knights
  6 deep troll earth magi
  7 tengu warriors
  6 boulder beetles
  2 death scarabs
  4 hell hogs (Depths:1)
  5 spriggan berserkers
  3 vampire magi
  11 death yaks (Lair:5)
  21 hell knights
  5 orc high priests
  Sonja (D:13)
  8 deep elf knights
  3 soul eaters (Depths:1)
  2 sun demons
  2 wretched stars (Abyss:3)
  Urug (Orc:2)
  Nergalle (Lair:2)
  A fire crab (shapeshifter) (Depths:4)
  A sixfirhy (Abyss:3)
  6 iron trolls
  A skyshark (shapeshifter) (D:14)
  A titan skeleton (Crypt:1)
  A salamander mystic (Volcano)
  A ghost moth zombie (Crypt:1)
  8 pharaoh ants
  26 skeletal warriors
  3 skysharks
  2 shadow wraiths (Depths:1)
  A bunyip zombie (Crypt:1)
  11 sea snakes
  7 phantasmal warriors
  Lodul (D:12)
  55 deep trolls
  13 orb spiders
  A glowing orange brain (Depths:1)
  8 flayed ghosts
  A shadow dragon zombie (Crypt:1)
  17 ironbound convokers
  11 wizards
  9 lindwurms
  2 orange crystal statues (IceCv)
  4 steelbarb worms
  18 deep elf archers
  4 orc knights
  16 harpies
  20 deep elf pyromancers
  24 deep elf zephyrmancers
  8 necromancers
  3 oklob plants
  59 ugly things
  2 orc sorcerers
  A cyclops (shapeshifter) (Depths:2)
  9 manticores
  4 salamanders (Volcano)
  9 cyclopes
  15 wolf spiders
  A jorogumo skeleton (Crypt:2)
  26 moths of wrath
  A black mamba (Lair:3)
  2 merfolk sirens
  9 demonic crawlers
  4 molten gargoyles (Volcano)
  19 elephants
  13 water nymphs
  5 gargoyles
  21 vault sentinels
  2 smoke demons (Depths:1)
  5 torpor snails
  3 unseen horrors
  An eye of devastation (Depths:2)
  A shock serpent skeleton (Crypt:2)
  An alligator snapping turtle zombie (Crypt:1)
  6 cane toads
  2 efreet
  4 rime drakes
  Psyche (D:12)
  A green draconian zombie (Crypt:3)
  A tengu conjurer (Depths:1)
  3 kobold demonologists
  10 freezing wraiths
  8 komodo dragons
  An anaconda simulacrum (IceCv)
  27 yaktaurs
  5 guardian mummies (Crypt:3)
  4 golden dragon simulacra (IceCv)
  6 trolls
  A sea snake skeleton (Crypt:2)
  16 merfolk
  4 wind drakes
  8 polar bears
  5 meliai
  A meliai (shapeshifter) (D:14)
  20 tarantellas
  A hydra skeleton (Crypt:1)
  9 hornets
  9 blink frogs
  3 raiju (Abyss:3)
  6 dream sheep
  4 snapping turtles
  A boulder beetle zombie (Crypt:1)
  A culicivora (shapeshifter) (D:14)
  33 slime creatures
  7 air elementals
  22 jumping spiders
  A shapeshifter (Depths:3)
  21 culicivoras
  8 flying skulls
  A dire elephant simulacrum (IceCv)
  A fire dragon skeleton (Crypt:1)
  2 shadows (D:11)
  12 wraiths
  16 spriggans
  6 wyverns
  4 fire elementals
  A golden eye (shapeshifter) (Depths:4)
  28 water elementals
  58 yaks
  2 ynoxinuls (Abyss:3)
  7 large abominations
  A human (D:14)
  2 basilisks
  42 redbacks
  9 chaos spawn
  A neqoxec (Zot:1)
  3 vampire mosquitoes (Spider:1)
  A harpy simulacrum (IceCv)
  3 wargs (Orc:2)
  3 acid dragons
  2 hydra simulacra (IceCv)
  A floating eye (shapeshifter) (Vaults:5)
  A floating eye (Depths:2)
  A cane toad zombie (Crypt:1)
  12 water moccasins
  A demonspawn skeleton (Crypt:2)
  An ettin simulacrum (IceCv)
  2 ice beasts (D:5)
  A sky beast (D:6)
  5 black bears
  12 orc warriors
  16 wolves (Lair:5)
  5 ogres
  7 centaurs
  A snapping turtle skeleton (Crypt:1)
  3 boggarts (Lair:5)
  A phantom (D:6)
  A yaktaur zombie (Crypt:3)
  A hog skeleton (Crypt:1)
  7 bullfrogs
  4 kobold brigands
  3 necrophages
  3 small abominations (Depths:3)
  3 earth elementals (Elf:1)
  A scorpion (D:6)
  A yaktaur skeleton (Crypt:3)
  2 cyclops zombies (Crypt:3)
  12 wights
  4 killer bees (D:8)
  A lindwurm simulacrum (IceCv)
  A warg skeleton (Crypt:1)
  5 howler monkeys
  A quasit (Abyss:3)
  A jelly (D:6)
  32 orc priests
  4 hounds
  Jessica (D:12)
  A centaur skeleton (Crypt:2)
  8 hell rats (Lair:4)
  6 iguanas
  2 sleepcaps
  6 orc wizards
  An acid dragon skeleton (Crypt:2)
  A deep dwarf skeleton (Crypt:3)
  7 mummies (Crypt:3)
  A steam dragon zombie (Crypt:3)
  8 adders
  A swamp drake skeleton (Crypt:2)
  A shadow imp (D:8)
  A white imp (D:6)
  3 ufetubi
  A lava snake zombie (Crypt:1)
  An adder skeleton (Crypt:2)
  2 worms
  2 dart slugs
  71 orcs
  4 ball pythons
  7 endoplasms
  6 giant cockroaches
  5 goblins
  4 hobgoblins
  26 kobolds
  3 quokkas
  5 bats
  3 frilled lizards (D:2)
  A gnoll skeleton (Crypt:2)
  A kobold skeleton (Crypt:3)
  3 rats
  2 butterflies (Zot:1)
  A fire vortex (D:15)
  A spectral weapon (Zot:1)
  7 tentacles
2052 creatures vanquished.

Vanquished Creatures (collateral kills)
  A juggernaut (Zot:1)
  Nikola (Vaults:2)
  A bone dragon (Depths:3)
  An electric golem (Zot:5)
  Jorgrun (Elf:2)
  An Orb Guardian (Zot:5)
  A death cob (Zot:4)
  The ghost of Otiptot the Executioner, an adept MiBe of Trog (Spider:1)
  A draconian monk (Zot:3)
  A fire giant (Depths:4)
  A draconian knight (Zot:4)
  An iron dragon (Depths:2)
  An emperor scorpion (Spider:4)
  A frost giant (D:15)
  A draconian scorcher (Zot:4)
  2 draconian shifters
  A draconian annihilator (Zot:2)
  A very ugly thing (Spider:2)
  A green draconian (Zot:3)
  2 red draconians
  A dire elephant (Vaults:2)
  2 yellow draconians
  A black draconian (Zot:3)
  A white draconian (Zot:2)
  An eidolon (Crypt:3)
  A merfolk javelineer (Shoals:4)
  A yaktaur captain (Vaults:2)
  A spriggan air mage (Depths:4)
  2 vault guards (Vaults:2)
  A jorogumo (Spider:4)
  A deep troll shaman (Depths:4)
  A vampire mage (Vaults:2)
  A fire crab (Lair:4)
  A skyshark (Lair:5)
  A sun moth (Spider:2)
  4 skeletal warriors
  A flayed ghost (Vaults:2)
  4 deep trolls
  3 orb spiders
  3 ironbound convokers
  A deep elf zephyrmancer (Elf:2)
  3 harpies
  A deep elf pyromancer (Elf:2)
  3 ugly things (Spider:2)
  A wolf spider (Spider:2)
  A moth of wrath (Zot:1)
  2 elephants (Lair:5)
  2 demonic crawlers
  2 komodo dragons (Lair:2)
  A hydra zombie (Crypt:3)
  A blink frog (Lair:5)
  6 slime creatures
  A jumping spider (Spider:2)
  An air elemental (Shoals:4)
  A water elemental (Shoals:4)
  A wraith (Crypt:2)
  A spriggan (Depths:3)
  A fire elemental (D:11)
  3 wargs (Orc:2)
  3 orc warriors (Orc:2)
  4 ogres (D:12)
  4 orc priests (Orc:2)
  6 orcs (Orc:2)
104 creatures vanquished.

Vanquished Creatures (others)
  A fire giant (Depths:3)
  A draconian stormcaller (Zot:4)
  Nessos (Orc:2)
  A purple draconian (Zot:1)
  A two-headed ogre (D:12)
  A deep elf knight (Elf:2)
  2 deep elf zephyrmancers (Elf:1)
  4 deep elf pyromancers
  A vault sentinel (Vaults:2)
  A tengu conjurer (Depths:1)
  A hornet (Lair:5)
  A jumping spider (Spider:4)
  5 water elementals
  A yak (D:11)
  12 fungi
  4 pillars of salt (Zot:1)
  57 plants
  4 starspawn tentacles (Abyss:3)
  9 tentacles
108 creatures vanquished.

Grand Total: 2264 creatures vanquished

Notes
Turn   | Place    | Note
-------+----------+-------------------------------------------
     0 | D:1      | backslashecho the Demonspawn Monk began the quest for the
                  | Orb.
     0 | D:1      | Reached XP level 1. HP: 18/18 MP: 1/1
   244 | D:1      | Gained mutation: You are partially covered in yellow
                  | scales. (AC +2) [demonic ancestry]
   244 | D:1      | Reached XP level 2. HP: 16/24 MP: 2/2
   681 | D:2      | Found a faded altar of an unknown god.
   933 | D:2      | Gained mutation: You are mostly covered in yellow scales.
                  | (AC +3) [demonic ancestry]
   933 | D:2      | Reached XP level 3. HP: 28/29 MP: 3/3
  1629 | D:3      | Reached skill level 1 in Unarmed Combat
  2413 | D:4      | Gained mutation: A meltable shield of frost defends you.
                  | (SH +4) [demonic ancestry]
  2413 | D:4      | Reached XP level 4. HP: 35/35 MP: 4/4
  2449 | D:4      | Found a large runed translucent door.
  2450 | D:4      | Found a large runed translucent door.
  2510 | D:4      | Found a sacrificial altar of Ru.
  2566 | D:4      | Reached skill level 1 in Armour
  2596 | D:4      | Noticed a black bear
  2610 | D:4      | Killed a black bear
  2611 | D:4      | Gained mutation: You have a small tail. [demonic ancestry]
  2611 | D:4      | Reached XP level 5. HP: 25/42 MP: 5/5
  2696 | D:4      | Noticed a water moccasin
  2705 | D:4      | Killed a water moccasin
  2706 | D:4      | Gained mutation: A meltable icy envelope protects you from
                  | harm. (AC +8) [demonic ancestry]
  2706 | D:4      | Reached XP level 6. HP: 44/48 MP: 6/6
  2938 | D:4      | Reached skill level 5 in Axes
  3273 | D:5      | Entered Level 5 of the Dungeon
  3323 | D:5      | Noticed an ice beast
  3426 | D:5      | Found a blossoming altar of Fedhas.
  3454 | D:5      | Found a shimmering altar of Xom.
  3550 | D:5      | Gained mutation: A meltable icy envelope protects you from
                  | harm. (AC +8) [demonic ancestry]
  3550 | D:5      | Reached XP level 7. HP: 51/55 MP: 7/7
  3849 | D:5      | Reached skill level 5 in Fighting
  3943 | D:6      | Found a staircase to the Ecumenical Temple.
  3950 | Temple   | Entered the Ecumenical Temple
  4084 | Temple   | Became a worshipper of Qazlal Stormbringer
  4084 | Temple   | Reached * piety under Qazlal
  4084 | Temple   | Reached ** piety under Qazlal
  4187 | D:6      | Reached skill level 1 in Invocations
  4286 | D:6      | Gained mutation: A weak demonic guardian rushes to your
                  | aid. [demonic ancestry]
  4286 | D:6      | Reached XP level 8. HP: 63/63 MP: 9/9
  5110 | D:7      | Noticed Triskal's ghost (novice TrEE)
  5110 | D:7      | Found a transporter.
  5113 | D:7      | Noticed a moth of wrath
  5140 | D:7      | Found a transporter.
  5378 | D:7      | Reached XP level 9. HP: 69/69 MP: 12/12
  5380 | D:7      | Reached *** piety under Qazlal
  5574 | D:7      | Reached skill level 5 in Invocations
  5578 | D:7      | Identified the +2 helmet of Noon {rC+ Str-3 Dex+3}
  5729 | D:8      | Reached skill level 5 in Armour
  5742 | D:8      | Found Xaoxeotu's Armour Shop.
  5755 | D:8      | Bought a +0 scale mail of fire resistance for 121 gold
                  | pieces
  5876 | D:8      | Found Cukkudeg's Assorted Antiques.
  6221 | D:9      | Found Boycloli's Self-Improvement Boutique.
  6272 | D:9      | Gained mutation: You are completely covered in yellow
                  | scales. (AC +4, rCorr) [demonic ancestry]
  6272 | D:9      | Reached XP level 10. HP: 79/79 MP: 15/15
  6743 | D:9      | Reached skill level 10 in Axes
  6756 | D:9      | Reached **** piety under Qazlal
  7248 | D:10     | Entered Level 10 of the Dungeon
  7397 | D:10     | Found a staircase to the Orcish Mines.
  7416 | D:10     | Gained mutation: A demonic guardian rushes to your aid.
                  | [demonic ancestry]
  7416 | D:10     | Reached XP level 11. HP: 70/87 MP: 15/17
  7613 | D:10     | Found Ginguez's Jewellery Emporium.
  7913 | D:10     | Found a runed translucent gate.
  7913 | D:10     | Found a runed translucent gate.
  7914 | D:10     | Found a runed translucent gate.
  7944 | D:10     | Noticed crux's ghost (journeyman OpTm)
  8001 | D:10     | Found a broken altar of Ashenzari.
  8317 | D:11     | Noticed a brown ugly thing
  8331 | D:11     | Killed a brown ugly thing
  8858 | D:11     | Noticed a purple ugly thing
  8900 | D:11     | Killed a purple ugly thing
  8904 | D:11     | Reached skill level 10 in Invocations
  9050 | D:11     | Found a staircase to the Lair.
  9424 | D:11     | Noticed a deep elf pyromancer
  9532 | D:11     | Killed a deep elf pyromancer
  9543 | D:11     | Noticed a wizard
  9543 | D:11     | Noticed a wizard
  9544 | D:11     | Killed a wizard
  9544 | D:11     | Killed a wizard
  9559 | D:11     | Got the Compendium of Loathsome Spellbinding
  9561 | D:11     | Got the Elucidation of the Tincture
  9910 | D:12     | Found Bare's Antique Weapon Shop.
  9915 | D:12     | Bought a glowing broad axe for 273 gold pieces
  9921 | D:12     | Noticed Lodul
  9958 | D:12     | Gained mutation: A powerful demonic guardian rushes to your
                  | aid. [demonic ancestry]
  9958 | D:12     | Reached XP level 12. HP: 61/95 MP: 20/20
  9968 | D:12     | Killed Lodul
 10112 | D:12     | Noticed Frances
 10121 | D:12     | Killed Frances
 10183 | D:12     | Noticed Psyche
 10189 | D:12     | Killed Psyche
 10287 | D:12     | Noticed Josephine
 10355 | D:12     | Killed Josephine
 10468 | D:12     | Noticed a two-headed ogre
 10479 | D:12     | Killed a two-headed ogre
 10648 | D:11     | Identified a scroll of acquirement
 10648 | D:11     | Acquired a manual of Axes
 10961 | D:12     | Found a sparkling altar of Nemelex Xobeh.
 10961 | D:12     | Noticed Jessica
 10965 | D:12     | Killed Jessica
 11128 | D:12     | Noticed a two-headed ogre
 11129 | D:12     | Noticed a boulder beetle
 11136 | D:12     | Killed a boulder beetle
 11137 | D:12     | Reached skill level 15 in Axes
 11138 | D:12     | Killed a two-headed ogre
 11410 | Lair:1   | Entered Level 1 of the Lair of Beasts
 11799 | Lair:1   | Noticed an eight-headed hydra
 11807 | Lair:1   | Killed an eight-headed hydra
 12281 | Lair:2   | Noticed Nergalle
 12290 | Lair:2   | Killed Nergalle
 12548 | Lair:2   | Found a blossoming altar of Fedhas.
 12784 | Lair:2   | Gained mutation: You punish those that try to bend your
                  | will. (Will+) [demonic ancestry]
 12784 | Lair:2   | Reached XP level 13. HP: 90/101 MP: 22/22
 13460 | Lair:3   | Reached skill level 1 in Evocations
 13700 | Lair:3   | Reached ***** piety under Qazlal
 13708 | Lair:3   | Reached skill level 2 in Evocations
 13863 | Lair:3   | Found a hole to the Spider Nest.
 14205 | Lair:3   | Found a staircase to the Shoals.
 14497 | Lair:4   | Reached skill level 3 in Evocations
 14598 | Lair:4   | Found a staircase to the Slime Pits.
 14701 | Lair:4   | Acquired 1113 gold pieces
 14708 | Lair:4   | Reached skill level 4 in Evocations
 14728 | Lair:4   | Reached skill level 5 in Dodging
 14887 | D:10     | Bought the amulet of Peasaek {Reflect rPois Regen+ Int-3
                  | SH+5} for 558 gold pieces
 15424 | Lair:5   | Entered Level 5 of the Lair of Beasts
 15539 | Lair:5   | Reached skill level 5 in Evocations
 15549 | Lair:5   | Gained mutation: You have a tail ending in a sharp stinger.
                  | [demonic ancestry]
 15549 | Lair:5   | Reached XP level 14. HP: 88/108 MP: 16/23
 15575 | Lair:5   | Reached skill level 6 in Evocations
 15647 | Lair:5   | Reached skill level 7 in Evocations
 15745 | Lair:5   | Reached ****** piety under Qazlal
 15958 | Lair:5   | Reached skill level 8 in Evocations
 16702 | Orc:1    | Entered Level 1 of the Orcish Mines
 16983 | Orc:2    | Entered Level 2 of the Orcish Mines
 16998 | Orc:2    | Noticed Nessos
 16998 | Orc:2    | Noticed Urug
 17002 | Orc:2    | Killed Nessos
 17008 | Orc:2    | Killed Urug
 17040 | Orc:2    | Reached skill level 9 in Evocations
 17046 | Orc:2    | Noticed Saint Roka
 17063 | Orc:2    | Killed Saint Roka
 17137 | Orc:2    | Reached XP level 15. HP: 101/113 MP: 24/24
 17144 | Orc:2    | Found Cupyat's Magic Scroll Emporium.
 17144 | Orc:2    | Found Jyent's Magic Scroll Shop.
 17149 | Orc:2    | Bought a scroll of magic mapping for 105 gold pieces
 17192 | Orc:2    | Found Paizoh's Assorted Antiques.
 17279 | Orc:2    | Found a dark tunnel.
 17284 | Volcano  | Entered a volcano
 17355 | Volcano  | Reached skill level 10 in Evocations
 17456 | Volcano  | Noticed an orb of fire
 17495 | Volcano  | Noticed an orb of fire
 17685 | Orc:2    | Found Litote's Book Shop.
 17685 | Orc:2    | Found Rawnigh's Distillery.
 17700 | Orc:2    | Bought a potion of degeneration for 11 gold pieces
 17700 | Orc:2    | Bought a potion of resistance for 110 gold pieces
 17758 | Orc:2    | Found a staircase to the Elven Halls.
 18553 | D:13     | Noticed Sonja
 18554 | D:13     | Killed Sonja
 18585 | D:13     | Reached skill level 11 in Evocations
 18970 | D:13     | Reached skill level 1 in Shields
 19351 | D:14     | Reached skill level 10 in Fighting
 19557 | D:14     | Reached skill level 10 in Armour
 19670 | D:14     | Identified the +6 great sword of Laxaas {venom, rN+ Str+7}
 19670 | D:14     | Identified the ring of the Invisible Prophets {rElec rPois
                  | rF+ rC+ Int+3}
 19722 | D:14     | Got Xiugg's Almanac of Atheism
 19875 | D:14     | Found a gate to the Vaults.
 20227 | D:15     | Entered Level 15 of the Dungeon
 20227 | D:15     | Found Ciemib's Book Shop.
 20318 | D:15     | Found Kuew Gui's Armour Shop.
 20321 | D:15     | Bought a scarf of resistance for 352 gold pieces
 20321 | D:15     | Bought a +2 chain mail of willpower for 236 gold pieces
 20368 | D:15     | Found Gewuig's Distillery.
 20378 | D:15     | Found Qaifir's Distillery.
 20386 | D:15     | Bought 2 potions of heal wounds for 130 gold pieces
 20388 | D:15     | Bought a potion of heal wounds for 95 gold pieces
 20388 | D:15     | Bought a potion of heal wounds for 95 gold pieces
 20388 | D:15     | Bought a potion of heal wounds for 95 gold pieces
 20421 | D:15     | Found Derustra's Jewellery Emporium.
 20738 | D:15     | Noticed a frost giant
 20740 | D:15     | Reached XP level 16. HP: 125/125 MP: 25/25
 20749 | D:15     | Found a staircase to the Depths.
 20834 | D:15     | Found a bloodstained altar of Trog.
 20885 | D:15     | Found a broken altar of Ashenzari.
 21120 | Spider:1 | Entered Level 1 of the Spider Nest
 21656 | Spider:1 | Reached skill level 5 in Shields
 21712 | Spider:1 | Noticed Otiptot's ghost (adept MiBe)
 21727 | Spider:1 | Found a runed translucent gate.
 21727 | Spider:1 | Found a runed translucent gate.
 21727 | Spider:1 | Found a runed translucent gate.
 21747 | Spider:1 | Acquired 579 gold pieces
 22447 | Spider:1 | Killed Otiptot's ghost
 22558 | Spider:1 | Identified the +0 gold dragon scales of Nupidwon {rPois rF+
                  | rC+ Int+2}
 22999 | Spider:2 | Found a frozen archway.
 23031 | IceCv    | Entered an ice cave
 23102 | IceCv    | Identified the +6 hand axe of the Desert {elec, rElec rPois
                  | rC++ Str-4}
 23118 | IceCv    | Reached XP level 17. HP: 125/137 MP: 16/26
 23161 | IceCv    | Got the Cyclopedia of Postmortem Angles
 23166 | IceCv    | Got the Compendium of Combat Magic and the Mountains
 24981 | Spider:4 | Entered Level 4 of the Spider Nest
 27019 | Spider:4 | Got a gossamer rune of Zot
 27178 | Shoals:1 | Entered Level 1 of the Shoals
 27184 | Shoals:1 | Reached skill level 15 in Fighting
 28212 | Shoals:2 | Reached XP level 18. HP: 149/149 MP: 27/27
 29250 | Shoals:3 | Found Zadum's Weapon Shop.
 29819 | Shoals:4 | Entered Level 4 of the Shoals
 29954 | Shoals:4 | Found a sparkling altar of Nemelex Xobeh.
 29958 | Shoals:4 | Paralysed by an air elemental for 1 turns
 30053 | Shoals:4 | Paralysed by an air elemental for 1 turns
 30063 | Shoals:4 | Reached skill level 15 in Armour
 30125 | Shoals:4 | Paralysed by an air elemental for 1 turns
 30129 | Shoals:4 | Paralysed by an air elemental for 1 turns
 30134 | Shoals:4 | Paralysed by an air elemental for 1 turns
 30139 | Shoals:4 | Paralysed by an air elemental for 1 turns
 30210 | Abyss:3  | Cast into level 3 of the Abyss (merfolk javelineer)
 30211 | Abyss:3  | Found a corrupted altar of Lugonu.
 30310 | Abyss:3  | Found a corrupted altar of Lugonu.
 30337 | Abyss:3  | Found a corrupted altar of Lugonu.
 30373 | Shoals:4 | Escaped the Abyss
 30617 | Shoals:4 | Got a barnacled rune of Zot
 30622 | Shoals:4 | Identified the +4 troll leather armour "Pudoj" {*Corrode
                  | Regen+ MP-9 Int+6 Stlth+}
 30895 | Vaults:1 | Entered Level 1 of the Vaults
 31321 | Vaults:1 | Reached skill level 10 in Shields
 31389 | Vaults:1 | Reached XP level 19. HP: 159/159 MP: 28/28
 32638 | Vaults:2 | Found a staircase to the Crypt.
 32844 | Vaults:2 | Noticed Nikola
 32851 | Vaults:2 | Killed Nikola
 33430 | Vaults:3 | Noticed Margery
 33504 | Vaults:2 | Killed Margery
 33557 | Vaults:3 | Gained mutation: You have a sharp stinger which inflicts
                  | weakening toxins. [demonic ancestry]
 33557 | Vaults:3 | Reached XP level 20. HP: 163/164 MP: 29/29
 36245 | Vaults:4 | Found a transporter.
 36247 | Vaults:4 | Noticed Rinoumap's ghost (adept TrCK)
 36248 | Vaults:4 | Found a bloodstained altar of Trog.
 36257 | Vaults:4 | Found a transporter.
 36580 | Elf:1    | Entered Level 1 of the Elven Halls
 36667 | Elf:1    | Paralysed by an air elemental for 1 turns
 36916 | Elf:1    | Found Copluack's General Store.
 36970 | Elf:1    | Got the Encyclopedia of Unified Combat Magic
 37030 | Elf:1    | Reached XP level 21. HP: 177/177 MP: 30/30
 37172 | Elf:1    | Reached skill level 15 in Shields
 37474 | Elf:2    | Reached skill level 12 in Evocations
 37486 | Elf:2    | Noticed Jorgrun
 37499 | Elf:2    | Killed Jorgrun
 37599 | Elf:2    | Noticed Roxanne
 37815 | Elf:2    | Found Baurphyna's Jewellery Shop.
 37854 | Elf:2    | Bought the ring of Doubt {Wiz rPois Will++} for 717 gold
                  | pieces
 37854 | Elf:2    | Bought the ring of Lugonu, Inviting {Fire SInv} for 470
                  | gold pieces
 37906 | Elf:2    | Identified the +3 quarterstaff of the Crawling Thing
                  | {heavy, Str+3}
 38334 | Elf:2    | Found a runed translucent gate.
 38335 | Elf:2    | Found a runed translucent gate.
 38335 | Elf:2    | Found a runed translucent gate.
 38427 | Elf:3    | Entered Level 3 of the Elven Halls
 38468 | Elf:3    | Noticed Zenata
 38479 | Elf:3    | Killed Zenata
 38862 | Elf:3    | Found Qiranoh's Jewellery Boutique.
 38866 | Elf:3    | Bought the amulet "Karijaev" {Reflect Slay+5 SH+5} for 928
                  | gold pieces
 38955 | Elf:3    | Noticed Mara
 38965 | Elf:3    | Noticed backslashecho's illusion
 38966 | Elf:3    | Killed Mara
 39012 | Elf:3    | Got the Catalogue of the Familiar
 39498 | Elf:3    | Reached skill level 13 in Evocations
 39524 | Elf:3    | Reached skill level 15 in Invocations
 39546 | Elf:3    | Got Baqin's Grimoire of Inflammable Alteration
 39554 | Elf:3    | Identified the +7 flail of Action {protect, Int+5}
 39601 | Elf:3    | Identified the +0 great sword "Fox Julu" {flame, rF+ rN+
                  | Dex+4}
 39616 | Elf:3    | Identified the +4 quarterstaff of Kindness {flame, rPois
                  | Stlth+}
 39816 | Elf:3    | Got the Octavo of Ash
 39825 | Elf:3    | Identified the +6 sling "Lamic" {freeze, rF+ Will+}
 39833 | Elf:3    | Got the Compilation of Ashes
 40508 | Depths:1 | Entered Level 1 of the Depths
 40536 | D:15     | Bought the ring "Okkooj" {rN+ Str+3 Dex+3 Stlth+} for 508
                  | gold pieces
 40544 | D:15     | Acquired a manual of Invocations
 40730 | Depths:1 | Found a gateway to Hell.
 41114 | Depths:1 | Found the +1 cloak of Starlight {*Dazzle EV+4 Stlth--}
 41209 | Depths:1 | Reached skill level 10 in Dodging
 41469 | Depths:1 | Found a one-way gate to the infinite horrors of the Abyss.
 41662 | Depths:2 | Found a portal to a secret trove of treasure.
 41728 | Depths:2 | Reached XP level 22. HP: 184/184 MP: 34/34
 41813 | Trove    | Entered a treasure trove
 41910 | Depths:2 | Identified the +0 longbow of Fedhas's Indignation {drain,
                  | Fragile rElec rN+}
 42197 | Depths:2 | Found a one-way gate leading to the halls of Pandemonium.
 42284 | Depths:2 | You fall into a shaft and drop 1 floor!
 42308 | Depths:3 | Found Galoppoang's Magic Scroll Shoppe.
 42365 | Depths:3 | Found a flickering gateway to a bazaar.
 42375 | Bazaar   | Entered a bazaar
 42375 | Bazaar   | Found Vunomeon's Antique Armour Shoppe.
 42385 | Bazaar   | Found Cixonto's Book Boutique.
 42396 | Bazaar   | Found Nupoz's General Store.
 42404 | Bazaar   | Found Bocziz's Magic Scroll Emporium.
 42412 | Bazaar   | Bought a scroll of blinking for 67 gold pieces
 42415 | Bazaar   | Found Xuheph's Antique Weapon Boutique.
 42454 | Bazaar   | Bought a potion of invisibility for 88 gold pieces
 42454 | Bazaar   | Bought a scroll of enchant armour for 82 gold pieces
 42462 | Bazaar   | Bought a scroll of fog for 36 gold pieces
 42462 | Bazaar   | Bought a scroll of teleportation for 27 gold pieces
 42474 | Bazaar   | Bought a manual of Throwing for 880 gold pieces
 42908 | Depths:2 | Noticed a caustic shrike
 42908 | Depths:2 | Noticed a caustic shrike
 42908 | Depths:2 | Noticed a caustic shrike
 42916 | Depths:2 | Killed a caustic shrike
 42923 | Depths:2 | Killed a caustic shrike
 42931 | Depths:2 | Killed a caustic shrike
 42944 | Depths:2 | Found a one-way gateway to a ziggurat.
 42957 | Depths:2 | Paralysed by a floating eye for 4 turns
 43451 | Depths:2 | Noticed a caustic shrike
 43458 | Depths:2 | Killed a caustic shrike
 43469 | Depths:2 | Reached skill level 14 in Evocations
 44642 | Depths:2 | Paralysed by a floating eye for 3 turns
 44656 | Depths:2 | Paralysed by a floating eye for 4 turns
 44873 | Depths:3 | Reached skill level 15 in Evocations
 45141 | Depths:3 | Noticed a caustic shrike
 45142 | Depths:3 | Noticed a caustic shrike
 45160 | Depths:3 | Killed a caustic shrike
 45169 | Depths:3 | Killed a caustic shrike
 45476 | Depths:3 | Bought a scroll of enchant weapon for 127 gold pieces
 45476 | Depths:3 | Bought a scroll of fog for 68 gold pieces
 45542 | Depths:3 | Found Deowokl Vyimm's Distillery.
 45550 | Depths:3 | Bought a potion of ambrosia for 128 gold pieces
 45550 | Depths:3 | Bought 2 potions of curing for 96 gold pieces
 45550 | Depths:3 | Bought a potion of curing for 48 gold pieces
 45550 | Depths:3 | Bought a potion of resistance for 160 gold pieces
 45550 | Depths:3 | Bought a potion of heal wounds for 80 gold pieces
 45837 | Depths:4 | Entered Level 4 of the Depths
 46048 | Depths:4 | Noticed a golden dragon
 46422 | Depths:4 | Noticed a caustic shrike
 46424 | Depths:4 | Noticed a caustic shrike
 46426 | Depths:4 | Noticed a caustic shrike
 46437 | Depths:3 | Killed a caustic shrike
 46906 | Depths:4 | Noticed a caustic shrike
 46911 | Depths:4 | Killed a caustic shrike
 46916 | Depths:4 | Killed a caustic shrike
 46917 | Depths:4 | Reached skill level 16 in Evocations
 46924 | Depths:4 | Killed a caustic shrike
 47526 | Depths:4 | Reached XP level 23. HP: 132/190 MP: 25/37
 47852 | Depths:4 | Noticed Parghit
 47875 | Depths:4 | Killed Parghit
 47876 | Depths:4 | Reached skill level 17 in Evocations
 48207 | Depths:4 | Found a gate to the Realm of Zot.
 48689 | Crypt:1  | Entered Level 1 of the Crypt
 48729 | Crypt:1  | Reached skill level 18 in Evocations
 49862 | Crypt:2  | Acquired 1072 gold pieces
 49863 | Crypt:2  | Acquired the +1 pair of gloves of Pan-Flutes {Fly rElec
                  | rF++}
 49884 | Crypt:2  | Acquired a manual of Evocations
 50330 | Crypt:3  | Entered Level 3 of the Crypt
 50530 | Crypt:3  | Reached skill level 19 in Evocations
 51668 | Crypt:3  | Found the +6 Majin-Bo {spellvamp, MP+6 Int+6}
 51873 | Crypt:3  | Found a staircase to the Tomb.
 52039 | Crypt:3  | Identified the +3 flail of Canist Wymo {freeze, rPois rCorr
                  | Str+3}
 52075 | Crypt:3  | Identified the +2 helmet of the Hurricane {rElec Will-
                  | Dex+3}
 52284 | Crypt:3  | Noticed a dread lich
 52284 | Crypt:3  | Noticed a dread lich
 52492 | Vaults:5 | Entered Level 5 of the Vaults
 52558 | Vaults:4 | Reached skill level 20 in Evocations
 52558 | Vaults:4 | Gained mutation: You are resistant to unholy torment.
                  | [demonic ancestry]
 52558 | Vaults:4 | Reached XP level 24. HP: 123/200 MP: 37/37
 52731 | Vaults:5 | Identified the +3 ring mail "Wiyggic" {Regen+ Slay+5}
 53580 | Vaults:5 | Identified the +4 ring mail of Youthful Indiscretion
                  | {Rampage Regen+ Str+3 Dex-5}
 53824 | Vaults:5 | Paralysed by a floating eye for 2 turns
 53877 | Vaults:5 | Identified the +7 great mace "Poeste" {speed, rPois rF+++
                  | rC+ Dex-3}
 53994 | Vaults:5 | Noticed Bai Suzhen
 54002 | Vaults:5 | Killed Bai Suzhen
 54003 | Vaults:5 | Reached skill level 21 in Evocations
 54191 | Vaults:5 | Got a silver rune of Zot
 54248 | Vaults:5 | Identified the +0 scale mail "Dywnaabb" {rF+ Int+3 Stlth+}
 54626 | Vaults:5 | Acquired 832 gold pieces
 54872 | Zot:1    | Entered Level 1 of the Realm of Zot
 55255 | Zot:1    | Noticed a Killer Klown
 55275 | Zot:1    | a Killer Klown changed into a juggernaut
 55275 | Zot:1    | Noticed a juggernaut
 55280 | Zot:1    | Killed a juggernaut
 55428 | Zot:1    | Noticed a Killer Klown
 55442 | Zot:1    | Killed a Killer Klown
 55457 | Zot:1    | Noticed a Killer Klown
 55458 | Zot:1    | Identified the +3 quarterstaff of the Boar {freeze, Int+5}
 55464 | Zot:1    | Killed a Killer Klown
 55644 | Zot:1    | You are sucked into a shaft and drop 1 floor!
 55714 | Zot:2    | Noticed a Killer Klown
 55724 | Zot:2    | Killed a Killer Klown
 55739 | Zot:1    | HP: 10/203 [poisoned by a green draconian monk]
 56135 | Zot:1    | Found a shimmering altar of Xom.
 56136 | Zot:1    | Found a shimmering altar of Xom.
 56136 | Zot:1    | Found a shimmering altar of Xom.
 56138 | Zot:1    | Found a shimmering altar of Xom.
 56138 | Zot:1    | Found a shimmering altar of Xom.
 56140 | Zot:1    | Found a shimmering altar of Xom.
 56237 | Zot:1    | Found a runed translucent door.
 56240 | Zot:1    | Noticed Juhipt's ghost (veteran MiBe)
 56468 | Zot:2    | Reached skill level 22 in Evocations
 57026 | Zot:2    | Gained mutation: You can hurl damnation. [demonic ancestry]
 57026 | Zot:2    | Reached XP level 25. HP: 130/210 MP: 37/37
 57353 | Zot:2    | Identified the +9 plate armour of Dishonour {rElec Stlth+}
 58213 | Zot:3    | Noticed an orb of fire
 58740 | Zot:3    | Upgraded the game from 0.30-a0-1164-ge08a67761e to
                  | 0.31-a0-1-g4198be8af4
 59096 | Zot:3    | Gained mutation: You are dopey. (Int -2) [an orb of fire]
 59098 | Zot:3    | Gained mutation: You are very dopey. (Int -4) [an orb of
                  | fire]
 59102 | Zot:3    | Killed an orb of fire
 59982 | Zot:4    | Found the +4 dragonskin cloak
 59982 | Zot:4    | Noticed Tiamat
 60675 | Zot:3    | Killed Tiamat
 62068 | Zot:4    | Got Fargh's Advanced Steps in Hermeneutics
 62630 | Zot:4    | Found a hide-covered altar of Uskayaw.
 62811 | Zot:5    | Entered Level 5 of the Realm of Zot
 64391 | Zot:5    | Noticed a Killer Klown
 64407 | Zot:5    | Noticed a Killer Klown
 64419 | Zot:5    | a Killer Klown changed into a shadow dragon
 64456 | Zot:5    | Killed a Killer Klown
 64475 | Zot:5    | Noticed an orb of fire
 64476 | Zot:5    | Gained mutation: You do not regenerate when monsters are
                  | visible. [an orb of fire]
 64483 | Zot:5    | Gained mutation: You occasionally lose the ability to read
                  | scrolls when taking damage. [an orb of fire]
 64484 | Zot:5    | Killed an orb of fire
 64495 | Zot:5    | Lost mutation: You occasionally lose the ability to read
                  | scrolls when taking damage. [potion of mutation]
 64495 | Zot:5    | Lost mutation: You are very dopey. (Int -4) [potion of
                  | mutation]
 64495 | Zot:5    | Gained mutation: You have a somewhat thin skeletal
                  | structure. (Dex +2, Stealth+) [potion of mutation]
 64495 | Zot:5    | Gained mutation: You have large cloven feet. [potion of
                  | mutation]
 64495 | Zot:5    | Gained mutation: You sometimes lose your temper in combat.
                  | [potion of mutation]
 64496 | Zot:5    | Lost mutation: You sometimes lose your temper in combat.
                  | [potion of mutation]
 64496 | Zot:5    | Lost mutation: You have a somewhat thin skeletal structure.
                  | (Dex +2, Stealth+) [potion of mutation]
 64496 | Zot:5    | Lost mutation: You do not regenerate when monsters are
                  | visible. [potion of mutation]
 64496 | Zot:5    | Gained mutation: You have hidden genetic potential. [potion
                  | of mutation]
 64679 | Zot:5    | Noticed a Killer Klown
 64715 | Zot:5    | Killed a Killer Klown
 64741 | Zot:5    | Noticed a dread lich
 64749 | Zot:5    | Killed a dread lich
 64750 | Zot:5    | Reached XP level 26. HP: 200/222 MP: 37/37
 64959 | Zot:5    | Noticed an orb of fire
 64969 | Zot:5    | Killed an orb of fire
 65111 | Zot:5    | Noticed an orb of fire
 65128 | Zot:5    | Killed an orb of fire
 65933 | Zot:5    | Noticed an orb of fire
 65934 | Zot:5    | Gained mutation: You occasionally shout uncontrollably at
                  | your foes. [an orb of fire]
 65939 | Zot:5    | Killed an orb of fire
 66445 | Zot:5    | Got the Orb of Zot
 66574 | Zot:2    | Noticed Ulaefrif the pandemonium lord
 66593 | Zot:1    | Noticed Duruec the pandemonium lord
 66872 | D:6      | Noticed Nif Bigg the pandemonium lord
 66952 | D:$      | Escaped with the Orb!

Illustrated notes

Levels and vault maps discovered:
D:1:      minmay_arrival_five_plusses, layout_rooms
D:2:      layout_loops_corners, hellmonk_ecumenical_altar_defaced_shrine
D:3:      layout_loops_ring, serial_forest, infiniplex_forest_zigzag_2,
          infiniplex_forest_straight_2, infiniplex_forest_end_double,
          infiniplex_forest_lined_2, infiniplex_forest_end_1
D:4:      layout_loops_cross, jmf_multi_god_temple2, minmay_increasing_density
D:5:      layout_rooms, mainiacjoe_overflow_two_lobes
D:6:      layout_loops_corners, minmay_temple_entry_statues_fountains,
          minmay_misc_feat_room, hellmonk_no_cap
D:7:      layout_cave_pools, gammafunk_ghost_berserking_beasts
D:8:      layout_basic, grunt_temple_overflow_bloody_war, serial_shops,
          nicolae_shop_trees, kennysheep_small_circle
D:9:      layout_long_grid, nrook_campfire, nicolae_shop_self_help
D:10:     layout_loops_corners, mainiacjoe_overflow_alcove_4, orc_david_3,
          serial_shops, shop, gammafunk_ghost_icy
D:11:     cheibrodos_lost_city_excavation, layout_loops_ring, lair_entry_dummy
D:12:     layout_irregular_city, serial_shops, nicolae_shop_hallway_plus,
          nemelex_lonely_heart_becter, uniq_josephine, uniq_frances, uniq_lodul,
          uniq_psyche
D:13:     layout_gridville, uniq_sonja
D:14:     minmay_the_grid_triangle_9x9_rhombus_thin_mashed
          [minmay_the_grid_triangle_9x9_stretched_checkered,
          minmay_the_grid_triangle_9x9_prize_top_heavy,
          minmay_the_grid_triangle_9x9_thin_v,
          minmay_the_grid_triangle_9x9_corrupted_corridor], layout_cave_pods,
          grunt_vaults_entry_fortified, minmay_strange_pillars, st_stairs_12,
          minmay_circle_x
D:15:     grunt_enter_depths_snipers, layout_basic, serial_shops, shop, shop,
          shop, nicolae_shop_competitors_out_of_business, shop,
          cheibrodos_ashenzari_chains, trog_ov_bears_minmay
Temple:   nicolae_temple_superstar
Lair:1:   layout_layer_cave
Lair:2:   beast_lair_carwin_large_3, layout_gridlike, hangedman_tree_tricks,
          grunt_forest_small_clearing_treed, uniq_nergalle
Lair:3:   layout_regular_city, minmay_shoals_entry_hut, dummy_spider_entry,
          grunt_megastairs_2
Lair:4:   layout_roguey, minmay_slime_entry_oklob_open, special_room
          [special_room_mythical_zoo], serial_bayou_shore_b
Lair:5:   minmay_lair_end_enchanted_forest, layout_cave_pods
Shoals:1: layout_shoals
Shoals:2: layout_shoals
Shoals:3: layout_shoals, serial_shops, shop
Shoals:4: shoals_end_hellmonk_storm_palace [storm_palace_center_square,
          storm_palace_corner_grid, storm_palace_corner_altar,
          storm_palace_corner_grid, storm_palace_corner_altar]
Spider:1: layout_spider_delve, gammafunk_ghost_split,
          einodemon_crawler_minivault
Spider:2: layout_spider_delve, portal_ice_cave_entry_ugly_swarm,
          nicolae_spider_cling_halls
Spider:3: layout_spider_delve, hellmonk_spider_spawner
Spider:4: grunt_spider_rune_island
Orc:1:    layout_caves, serial_shops, hellmonk_bongcloud_opening
Orc:2:    st_orc_town, layout_caves, serial_shops, nicolae_lakefront_shop,
          enter_volcano_1, uniq_nessos, uniq_urug, uniq_saint_roka
Elf:1:    nicolae_elf_arrival_fired_up, layout_rooms, serial_shops,
          nicolae_shop_stone, minmay_elf_sorcery, guppyfry_library_mini
Elf:2:    nicolae_elf_blades_crystal_corner, layout_loops_ring, serial_shops,
          nicolae_shop_waterfront, uniq_jorgrun, uniq_roxanne
Elf:3:    elf_hall_gauntlet_narrow, layout_loops_corners, serial_shops,
          nicolae_shop_back_alley_shop, minmay_elf_demonology, uniq_zenata,
          uniq_mara
Vaults:1: nicolae_vaults_layer_cake_slice, nicolae_vaults_frosty_reception,
          vaults_room_fours, nicolae_vaults_double_plus_2, grunt_vaults_twisty,
          vaults_room_pool, nicolae_vaults_little_guard_posts,
          layout_vaults_omnigrid
Vaults:2: v_misc_33, nicolae_vaults_network_star, v_misc_3,
          nicolae_vaults_trapezoid_lopsided_1, nicolae_vaults_apartment_1,
          hangedman_vaults_slither, nicolae_vaults_windows_and_doors_thing,
          minmay_crypt_entry_simple_corners, nicolae_vaults_mitosis,
          nicolae_vaults_house_1, ontoclasm_vaults_loading_screen,
          nicolae_vaults_trapezoid_lopsided_4, layout_vaults_omnibox,
          uniq_nikola
Vaults:3: nicolae_vaults_network_periphery, vaults_mumra_hex,
          nicolae_vaults_network_square, vaults_room_stairs_pillars, v_misc_8,
          nicolae_vaults_door_testing_chamber, nicolae_vaults_little_squares_6,
          v_pattern_5, v_alt_pattern_3, ontoclasm_vaults_idyll,
          nicolae_vaults_prndl, nicolae_vaults_house_2,
          nicolae_vaults_doubleplus_tesselated, nicolae_vaults_trapezoid_4,
          layout_vaults_omnicross, uniq_margery
Vaults:4: gammafunk_ghost_wrathful_warriors, vaults_mumra_chevron_long,
          v_misc_9, ontoclasm_vaults_gateway, vaults_mumra_chevron,
          nicolae_vaults_trapezoid_2, nicolae_vaults_turnstiles,
          hangedman_vaults_maws, v_misc_15, nicolae_vaults_diagonal_hallway_9,
          hangedman_vaults_cutoff, nicolae_vaults_three_branches,
          vaults_standard_mumra_x, layout_vaults_ring
Vaults:5: serial_shops, uniq_bai_suzhen
Crypt:1:  layout_misc_corridors
Crypt:2:  layout_gridlike, corexii_hall_statues_l,
          amcnicky_mini_corridor_feature
Crypt:3:  david_glass_crypt, layout_misc_corridors,
          nicolae_tomb_entry_grand_gallery, grunt_ministairs_8, st_stairs_2
Depths:1: minmay_haunted_quarter, layout_basic, hangedman_abyss_entry_splay,
          hellmouth_3, lemuel_freeze_loot_1
Depths:2: cell_vault, layout_gridlike, enter_ziggurat_d, enter_trove_6,
          abyss_entry_glasseish, grunt_pan_entry_spiral, hell_entry
Depths:3: minmay_mutant_horseshoe, layout_small_grid, grunt_hell_entry_dis_old,
          serial_shops, freezing_bzr, shop, shop, minmay_room_of_horrors,
          hangedman_abyss_or_decor_clamps, infiniplex_staircase_pillars_3b
Depths:4: grunt_twist_and_shout, layout_gridlike, hell_entry,
          hangedman_abyss_or_decor_passed, grunt_decor_mini_mirrors,
          minmay_misc_feat_diagonals, uniq_parghit
Zot:1:    dreamdust_zin_vs_xom, layout_misc_corridors,
          ebering_ghost_reflecting_pool
Zot:2:    kennysheep_spiral_hall, layout_gridlike
Zot:3:    layout_cathedral_of_symmetry, grunt_megastairs_5
Zot:4:    nicolae_zot_stationary_front, layout_basic, basic_altar, uniq_tiamat
Zot:5:    layout_basic

Skill      XL: |  1  2  3  4  5  6  7  8  9 10 11 12 13 14 15 16 17 18 19 20 21 22 23 24 25 |
---------------+----------------------------------------------------------------------------+-----
Axes           | 3 4 5 6 7 9 11 13 17 18 | 18.0
Dodging        | 3 6 9 10 11 12 | 12.0
Unarmed Combat | 1 |  1.0
Armour         | 1 2 3 4 5 7 9 10 12 14 16 18 19 21 | 21.5
Fighting       | 4 5 6 7 8 9 11 13 15 16 17 18 20 21 | 21.8
Invocations    | 2 4 7 9 11 12 13 17 21 | 21.2
Evocations     | 5 9 11 13 16 20 22 | 22.3
Shields        | 4 6 8 10 11 14 16 17 18 20 | 20.4

Action                     |  1- 3 |  4- 6 |  7- 9 | 10-12 | 13-15 | 16-18 | 19-21 | 22-24 | 25-27 || total
---------------------------+-------+-------+-------+-------+-------+-------+-------+-------+-------++-------
  Melee: Hand axe          |    15 |       |   277 |   331 |       |       |       |       |       ||   623
         Whip              |    95 |    92 |     4 |       |       |       |       |       |       ||   191
         Tailslap          |       |     8 |    50 |   101 |   127 |   246 |   263 |   379 |   178 ||  1352
         Broad axe         |       |       |       |   109 |   592 |  1044 |  1185 |  1384 |   651 ||  4965
         Morningstar       |       |       |       |     4 |     2 |       |       |       |       ||     6
         War axe           |       |       |       |       |     2 |       |       |       |       ||     2
  Throw: Dart              |       |       |       |     1 |     1 |       |     2 |     3 |     9 ||    16
 Invoke: Upheaval          |       |       |     1 |     6 |    10 |    23 |    23 |     7 |     7 ||    77
         Elemental Force   |       |       |       |     2 |       |     1 |       |     1 |     2 ||     6
         Disaster Area     |       |       |       |       |     1 |     2 |       |     5 |       ||     8
  Evoke: Wand              |       |       |       |       |     6 |     4 |     4 |    14 |    18 ||    46
         Tin of tremorston |       |       |       |       |       |       |     1 |       |       ||     1
    Use: Potion            |       |       |       |     2 |     3 |     9 |     1 |    17 |    10 ||    42
         Scroll            |       |       |       |    24 |     7 |     3 |     8 |    19 |     8 ||    69
   Stab: Distracted        |       |       |       |     3 |     5 |     3 |     1 |     5 |     9 ||    26
         Paralysed         |       |       |       |     1 |     1 |       |       |       |     2 ||     4
         Confused          |       |       |       |       |     1 |       |       |       |       ||     1
         Invisible         |       |       |       |       |       |     2 |       |     7 |       ||     9
 Armour: Robe              |    15 |       |       |       |       |       |       |       |       ||    15
         Ring mail         |    19 |    24 |     7 |       |       |       |       |       |       ||    50
         Chain mail        |       |       |    94 |     7 |   298 |   799 |   377 |   271 |       ||  1846
         Scale mail        |       |       |    16 |   150 |    17 |       |       |       |       ||   183
         Gold dragon scale |       |       |       |       |       |       |       |   440 |   424 ||   864
  Dodge: Dodged            |    65 |    70 |   151 |   217 |   197 |   547 |   291 |   327 |   141 ||  2006
         Repelled          |       |       |       |     5 |     3 |    11 |    17 |     8 |     9 ||    53
  Block: Orb               |       |    18 |   113 |   165 |   451 |  1042 |       |       |       ||  1789
         Reflection        |       |       |       |       |    38 |    22 |   127 |    43 |    17 ||   247
         Kite shield       |       |       |       |       |       |   200 |  1614 |  1634 |       ||  3448
         Tower shield      |       |       |       |       |       |       |       |   435 |  1257 ||  1692

Table legend: (Time is in decaauts)
 A = Elapsed time spent in this place.
 B = Non-inter-level travel time spent in this place.
 C = Inter-level travel time spent in this place.
 D = Time resting spent in this place.
 E = Time spent auto-exploring this place.
 F = Levels seen in this place.
 G = Mean time per level.
                   A        B        C        D        E       F      G
               +--------+--------+--------+--------+--------+-----+--------+
         Total |  67718 |  59219 |   8499 |  12092 |  29765 |  56 | 1209.2 |
       Dungeon |  15101 |  12197 |   2904 |    261 |   8598 |  15 | 1006.7 |
        Temple |    141 |    110 |     31 |      0 |     89 |   1 |  141.0 |
          Lair |   5297 |   4679 |    618 |    391 |   3449 |   5 | 1059.4 |
        Shoals |   3656 |   3267 |    389 |    810 |   1532 |   4 |  914.0 |
   Spider Nest |   5684 |   5140 |    544 |   1365 |   2255 |   4 | 1421.0 |
  Orcish Mines |   1324 |    978 |    346 |      0 |    720 |   2 |  662.0 |
   Elven Halls |   3811 |   3408 |    403 |    482 |   1723 |   3 | 1270.3 |
        Vaults |   8161 |   7285 |    876 |    940 |   4018 |   5 | 1632.2 |
         Crypt |   3734 |   3454 |    280 |    691 |   1626 |   3 | 1244.7 |
        Depths |   8764 |   7902 |    862 |   2781 |   2984 |   4 | 2191.0 |
           Zot |  11098 |   9856 |   1242 |   4344 |   2651 |   5 | 2219.6 |
         Abyss |    165 |    165 |      0 |      0 |     20 |   1 |  165.0 |
        Bazaar |    102 |    102 |      0 |      0 |     51 |   1 |  102.0 |
         Trove |     62 |     62 |      0 |      0 |      0 |   1 |   62.0 |
      Ice Cave |    212 |    212 |      0 |      0 |     46 |   1 |  212.0 |
       Volcano |    399 |    399 |      0 |     24 |      0 |   1 |  399.0 |
               +--------+--------+--------+--------+--------+-----+--------+

Top non-repeatable levels by time:
   Zot:5: 3530 daAuts
   Zot:3: 3279 daAuts
Depths:2: 3013 daAuts
Depths:3: 2479 daAuts
Depths:4: 2113 daAuts
   Zot:2: 1969 daAuts
Spider:4: 1960 daAuts
Vaults:4: 1830 daAuts
Vaults:3: 1805 daAuts
   Elf:3: 1601 daAuts
Vaults:2: 1542 daAuts
    D:14: 1527 daAuts
Vaults:5: 1517 daAuts
 Crypt:2: 1516 daAuts
Spider:1: 1494 daAuts
